 Dungeon Crawl Stone Soup version 0.19-a0-1072-g3763c35 (webtiles) character file.

81 Jmtri7 the Ducker (level 4, -10/35 HPs)
             Began as a Merfolk Berserker on Aug 5, 2016.
             Was a Believer of Trog.
             Mangled by Sigmund
             ... wielding a +0 scythe
              (12 damage)
             ... while paralysed
             ... on level 2 of the Dungeon.
             The game lasted 00:03:13 (1361 turns).

Jmtri7 the Ducker (Merfolk Berserker)               Turns: 1361, Time: 00:03:14

Health: -10/35     AC:  3    Str: 17    XL:     4   Next: 42%
Magic:  4/4        EV:  2    Int:  6    God:    Trog [**....]
Gold:   143        SH:  0    Dex: 14    Spells: 0 memorised, 3 levels left

rFire  . . .     SeeInvis .     a - +0 falchion
rCold  . . .     Gourm    .     b - +0 animal skin
rNeg   . . .     Faith    .     (no shield)
rPois  .         Spirit   .     (no helmet)
rElec  .         Dismiss  .     (no cloak)
rCorr  .         Reflect  +     o - +0 pair of gloves
SustAt .         Harm     .     (no boots)
MR     .....                    k - +2 amulet of reflection
Stlth  +.........               (no ring)
                                (no ring)

@: paralysed, exhausted, slowed
A: change form in water, swift swim
a: Berserk, Trog's Hand, Burn Spellbooks, Renounce Religion


You were on level 2 of the Dungeon.
You worshipped Trog.
Trog was pleased with you.
You were hungry.

You visited 1 branch of the dungeon, and saw 2 of its levels.

You collected 143 gold pieces.

Inventory:

Hand Weapons
 a - a +0 falchion (weapon)
Armour
 b - a +0 animal skin (worn)
 o - a +0 pair of gloves (worn)
Jewellery
 k - a +2 amulet of reflection (around neck)
Scrolls
 e - a scroll of random uselessness {unknown}
 g - a scroll of magic mapping {unknown}
 i - a scroll of recharging {unknown}
 j - a scroll of enchant armour {unknown}
 m - 2 scrolls of teleportation {unknown}
 n - 2 scrolls of fog {unknown}
Potions
 d - a potion of lignification {unknown}
 h - a potion of flight {unknown}
 q - a potion of curing {unknown}
 r - a potion of resistance {unknown}
Comestibles
 c - 2 bread rations
 f - a royal jelly
 l - a fruit
 p - 4 chunks of flesh


   Skills:
 - Level 3.2 Fighting
 - Level 3.2 Long Blades
 - Level 1.3 Armour
 + Level 6.0 Dodging


You had 3 spell levels left.
You didn't know any spells.

Dungeon Overview and Level Annotations

Branches:
Dungeon (2/15)

Altars:
Ashenzari

Annotations:
D:2 Sigmund


Message History

You feel yourself moving faster!
You feel mighty!
You feel somewhat more hungry. Something hits you!
* * * LOW HITPOINT WARNING * * *
You feel a strong urge to attack something.
Something hits you.
* * * LOW HITPOINT WARNING * * *
You see here a jackal corpse.
You closely miss something. You hit something. Something hits you!
* * * LOW HITPOINT WARNING * * *
You barely miss something. You slash something! Something closely misses you.
You slash something! You barely miss something.
You are no longer berserk.
You pass out from exhaustion.
You feel yourself slow down.
You are feeling hungry.
Something hits you!
You die...

#.#.###.#.###.# #
#####.#.#.....###.. #%
...#.#.#.#.....#.#
#.#####.#.#..(.(......#
#.....>.......###...###
....#..####.## ##.## .
#.#..# #.# #÷# #..#....#
#.# ##.## #...†.@{# #.#
#...# #.......#.# #.#
#>..# #.#...........#
#...# !............###
#...#
.......##.#..######...###
....... .#..#...........
....... .. .............
...... .. #...........
#####...###


There were no monsters in sight!

Vanquished Creatures
  3 adders (D:2)
  2 oozes
  A dart slug (D:1)
  2 giant geckos
  3 giant cockroaches
  2 goblins
  4 hobgoblins
  2 jackals (D:2)
  5 kobolds
  A quokka (D:2)
  2 ball pythons (D:1)
  8 bats
  3 giant newts
  3 rats (D:2)
41 creatures vanquished.

Notes
Turn   | Place    | Note
-------+----------+-------------------------------------------
     0 | D:1      | Jmtri7 the Merfolk Berserker began the quest for the Orb.
     0 | D:1      | Reached XP level 1. HP: 18/18 MP: 1/1
    77 | D:1      | Reached skill level 3 in Dodging
   317 | D:1      | Found a shattered altar of Ashenzari.
   364 | D:1      | Reached XP level 2. HP: 17/24 MP: 2/2
   514 | D:1      | Reached skill level 4 in Dodging
   876 | D:1      | Reached XP level 3. HP: 29/29 MP: 3/3
  1002 | D:2      | Reached ** piety under Trog
  1100 | D:2      | Reached skill level 5 in Dodging
  1129 | D:2      | Reached XP level 4. HP: 27/35 MP: 4/4
  1345 | D:2      | Noticed Sigmund
  1345 | D:2      | Reached skill level 6 in Dodging
  1361 | D:2      | Mangled by Sigmund

Vault maps used:
D:1:      elethiomel_arrival_infinity_welcomes_careful_drivers,
          nicolae_ashenzari_panopticon
D:2:      uniq_sigmund

Skill      XL: |  1  2  3  4 |
---------------+-------------+-----
Dodging        | 3 4 5 6 |  6.0
Fighting       | |  3.2
Long Blades    | |  3.2
Armour         | |  1.3

Action                   |  1- 3 |  4- 6 || total
-------------------------+-------+-------++-------
Melee: Falchion          |   119 |    61 ||   180
Invok: Berserk           |       |     1 ||     1
 Stab: Sleeping          |     2 |       ||     2
  Eat: Chunk             |     1 |     1 ||     2
Armor: Animal skin       |    27 |     6 ||    33
Dodge: Dodged            |    79 |    36 ||   115
Block: Other             |     9 |     3 ||    12
